TOP OF THE 1ST |
Philadelphia Phillies batting - Pitching for Atlanta Braves : LHP Matthew Spurrell
|
Pitching: LHP Matthew Spurrell
|
|
Batting: RHB Tommie Eaton
|
0-0: Called Strike 0-1: Ground out 4-3 (Groundball, 4, EV 104.4 MPH)
|
Batting: LHB Nick Canizales
|
0-0: Ball 1-0: Ball 2-0: Swinging Strike 2-1: Ball 3-1: Foul Ball, location: 2F 3-2: Base on Balls
|
Batting: RHB Chef Belew
|
0-0: 2-RUN HOME RUN (Flyball, 89XD, EV 107.5 MPH), Distance : 406 ft
|
Batting: SHB Lance Franklin
|
0-0: Foul Ball, location: 2F 0-1: Foul Ball, location: 2F 0-2: Ball 1-2: Foul Ball, location: 2F 1-2: Ball 2-2: Foul Ball, location: 2F 2-2: SINGLE (Groundball, 6MD, EV 103.1 MPH)
|
Batting: RHB Josh Hensley
|
0-0: Called Strike 0-1: Called Strike 0-2: Foul Ball, location: 2F 0-2: Strikes out looking
|
Batting: LHB Osamu Kubo
|
0-0: Ball 1-0: Ground out U3 (Groundball, 3, EV 83.8 MPH)
|
Top of the 1st over - 2 runs, 2 hits, 0 errors, 1 left on base; Philadelphia 2 - Atlanta 0 |
BOTTOM OF THE 1ST |
Atlanta Braves batting - Pitching for Philadelphia Phillies : RHP James Woods Jr.
|
Pitching: RHP James Woods Jr.
|
|
Batting: RHB Jeckel Hester
|
0-0: Ball 1-0: Called Strike 1-1: Swinging Strike 1-2: Ball 2-2: Ball 3-2: Foul Ball, location: 2F 3-2: Foul Ball, location: 2F 3-2: Ground out U3 (Groundball, 3, EV 108.8 MPH)
|
Batting: RHB Xavier Davis
|
0-0: Ball 1-0: Fly out, F9 (Flyball, 9, EV 87.5 MPH)
|
Batting: SHB Terry Tuckfard
|
0-0: Foul Ball, location: 2F 0-1: Ball 1-1: Fly out, F7 (Flyball, 78M, EV 75.0 MPH)
|
Bottom of the 1st over - 0 runs, 0 hits, 0 errors, 0 left on base; Philadelphia 2 - Atlanta 0 |
TOP OF THE 2ND |
Philadelphia Phillies batting - Pitching for Atlanta Braves : LHP Matthew Spurrell
|
Batting: LHB Ryan Trombley
|
0-0: Foul Ball, location: 2F 0-1: SINGLE (Groundball, 56D, EV 93.8 MPH)
|
Batting: LHB Danny Hill
|
0-0: Ball 1-0: Called Strike 1-1: Ball 2-1: Swinging Strike 2-2: Strikes out swinging
|
Batting: SHB Jean-François Bernard
|
0-0: Foul Ball, location: 2F 0-1: Called Strike 0-2: Foul Ball, location: 2F 0-2: Fly out, F7 (Line Drive, 78M, EV 91.9 MPH)
|
Batting: RHB Tommie Eaton
|
0-0: Ball 1-0: SINGLE (Groundball, 56D, EV 95.0 MPH) Ryan Trombley to second Runner from 2nd tries for 3rd, SAFE, no throw by LF
|
Batting: LHB Nick Canizales
|
0-0: Ball 1-0: Ball 2-0: Foul Ball, location: 2F 2-1: Foul Ball, location: 2F 2-2: Ball 3-2: Ground out 4-3 (Groundball, 4, EV 82.5 MPH)
|
Top of the 2nd over - 0 runs, 2 hits, 0 errors, 2 left on base; Philadelphia 2 - Atlanta 0 |
BOTTOM OF THE 2ND |
Atlanta Braves batting - Pitching for Philadelphia Phillies : RHP James Woods Jr.
|
Batting: RHB Ike Trout
|
0-0: Ball 1-0: Ball 2-0: Ball 3-0: Base on Balls
|
Batting: LHB Erik Gretzky
|
0-0: Called Strike 0-1: Ball 1-1: Grounds into double play, 6-4-3 (Groundball, 6M, EV 90.0 MPH)
|
Batting: RHB Rich Stinson
|
0-0: Ball 1-0: DOUBLE (Flyball, 89D, EV 105.0 MPH)
|
Batting: RHB Luis Torres
|
0-0: Foul Ball, location: 2F 0-1: Ball 1-1: Ball 2-1: Fly out, F5 (Line Drive, 56, EV 66.9 MPH)
|
Bottom of the 2nd over - 0 runs, 1 hit, 0 errors, 1 left on base; Philadelphia 2 - Atlanta 0 |
TOP OF THE 3RD |
Philadelphia Phillies batting - Pitching for Atlanta Braves : LHP Matthew Spurrell
|
Batting: RHB Chef Belew
|
0-0: Ball 1-0: Foul Ball, location: 2F 1-1: Called Strike 1-2: Foul Ball, location: 2F 1-2: Foul Ball, location: 2F 1-2: Foul Ball, location: 2F 1-2: Ball 2-2: DOUBLE (Line Drive, 78D, EV 108.1 MPH)
|
Batting: SHB Lance Franklin
|
0-0: Called Strike 0-1: Ball 1-1: Ground out 4-3 (Groundball, 4, EV 108.8 MPH) Chef Belew to third
|
Batting: RHB Josh Hensley
|
0-0: Called Strike 0-1: Ball 1-1: Called Strike 1-2: Foul Ball, location: 2F 1-2: Strikes out swinging
|
Batting: LHB Osamu Kubo
|
0-0: Ground out 5-3 (Groundball, 56, EV 110.6 MPH)
|
Top of the 3rd over - 0 runs, 1 hit, 0 errors, 1 left on base; Philadelphia 2 - Atlanta 0 |
BOTTOM OF THE 3RD |
Atlanta Braves batting - Pitching for Philadelphia Phillies : RHP James Woods Jr.
|
Batting: RHB Jared Speck
|
0-0: Foul Ball, location: 2F 0-1: Swinging Strike 0-2: Ball 1-2: Strikes out swinging
|
Batting: RHB Liangde Li
|
0-0: Ball 1-0: Foul Ball, location: 2F 1-1: Ball 2-1: TRIPLE (Flyball, 89XD, EV 95.6 MPH)
|
Batting: RHB Jeckel Hester
|
0-0: SINGLE (Flyball, 4D, EV 86.2 MPH) Liangde Li scores
|
Batting: RHB Xavier Davis
|
0-0: Called Strike 0-1: Foul Ball, location: 2F 0-2: Ground out 5-3 (Groundball, 56S, EV 68.1 MPH) Jeckel Hester to second
|
Batting: SHB Terry Tuckfard
|
0-0: Called Strike 0-1: Ball 1-1: 2-RUN HOME RUN (Flyball, 78XD, EV 100.6 MPH), Distance : 392 ft
|
Batting: RHB Ike Trout
|
0-0: DOUBLE (Flyball, 9LD, EV 91.9 MPH)
|
Batting: LHB Erik Gretzky
|
0-0: Ball 1-0: Called Strike 1-1: Fly out, F8 (Flyball, 8LM, EV 79.4 MPH)
|
Bottom of the 3rd over - 3 runs, 4 hits, 0 errors, 1 left on base; Philadelphia 2 - Atlanta 3 |
TOP OF THE 4TH |
Philadelphia Phillies batting - Pitching for Atlanta Braves : LHP Matthew Spurrell
|
Batting: LHB Ryan Trombley
|
0-0: Ball 1-0: Ground out 6-3 (Groundball, 6D, EV 78.1 MPH)
|
Batting: LHB Danny Hill
|
0-0: Called Strike 0-1: Swinging Strike 0-2: Ball 1-2: Ball 2-2: Strikes out looking
|
Batting: SHB Jean-François Bernard
|
0-0: Ball 1-0: Foul Ball, location: 2F 1-1: Ball 2-1: Foul Ball, location: 2F 2-2: Ground out 6-3 (Groundball, 6, EV 99.4 MPH)
|
Top of the 4th over - 0 runs, 0 hits, 0 errors, 0 left on base; Philadelphia 2 - Atlanta 3 |
BOTTOM OF THE 4TH |
Atlanta Braves batting - Pitching for Philadelphia Phillies : RHP James Woods Jr.
|
Batting: RHB Rich Stinson
|
0-0: Called Strike 0-1: Ball 1-1: Called Strike 1-2: Ball 2-2: Strikes out swinging
|
Batting: RHB Luis Torres
|
0-0: Ball 1-0: Ball 2-0: Foul Ball, location: 2F 2-1: Called Strike 2-2: Ball 3-2: Strikes out looking
|
Batting: RHB Jared Speck
|
0-0: Called Strike 0-1: Fly out, F9 (Flyball, 9, EV 79.4 MPH)
|
Bottom of the 4th over - 0 runs, 0 hits, 0 errors, 0 left on base; Philadelphia 2 - Atlanta 3 |
TOP OF THE 5TH |
Philadelphia Phillies batting - Pitching for Atlanta Braves : LHP Matthew Spurrell
|
Batting: RHB Tommie Eaton
|
0-0: Ball 1-0: Called Strike 1-1: Called Strike 1-2: Foul Ball, location: 2F 1-2: SINGLE (Line Drive, 56, EV 107.5 MPH)
|
Batting: LHB Nick Canizales
|
0-0: Called Strike 0-1: Called Strike Tommie Eaton steals 2nd base 0-2: Ball 1-2: Ground out 4-3 (Groundball, 34, EV 83.8 MPH) Tommie Eaton to third
|
Batting: RHB Chef Belew
|
0-0: Ball 1-0: Swinging Strike 1-1: Ground out 5-3 (Groundball, 5S, EV 78.8 MPH)
|
Batting: SHB Lance Franklin
|
0-0: Ground out U3 (Groundball, 34, EV 81.9 MPH)
|
Top of the 5th over - 0 runs, 1 hit, 0 errors, 1 left on base; Philadelphia 2 - Atlanta 3 |
BOTTOM OF THE 5TH |
Atlanta Braves batting - Pitching for Philadelphia Phillies : RHP James Woods Jr.
|
Batting: RHB Liangde Li
|
0-0: Foul Ball, location: 2F 0-1: Called Strike 0-2: Ball 1-2: Ball 2-2: Foul Ball, location: 2F 2-2: Ball 3-2: Base on Balls
|
Batting: RHB Jeckel Hester
|
0-0: SINGLE (Line Drive, 7S, EV 93.1 MPH) Liangde Li to second
|
Batting: RHB Xavier Davis
|
0-0: Ball 1-0: Foul Ball, location: 2F 1-1: Foul Ball, location: 2F 1-2: 3-RUN HOME RUN (Flyball, 9D, EV 98.8 MPH), Distance : 365 ft
|
Pitching: RHP Ben Clayton
|
|
Batting: SHB Terry Tuckfard
|
0-0: Ball 1-0: SINGLE (Line Drive, 89S, EV 110.0 MPH)
|
Batting: RHB Ike Trout
|
0-0: Fly out, F7 (Flyball, 7LS, EV 80.0 MPH)
|
Batting: LHB Erik Gretzky
|
0-0: Ball 1-0: Swinging Strike Terry Tuckfard steals 2nd base (no throw) 1-1: Swinging Strike 1-2: Ball 2-2: Strikes out looking
|
Batting: RHB Rich Stinson
|
0-0: Ball 1-0: Ball 2-0: Foul Ball, location: 2F 2-1: Foul Ball, location: 2F 2-2: Ball 3-2: Base on Balls
|
Batting: RHB Luis Torres
|
0-0: Ball 1-0: Ball 2-0: Foul Ball, location: 2F 2-1: Ball 3-1: Called Strike 3-2: SINGLE (Line Drive, 89S, EV 111.9 MPH) Terry Tuckfard to third Rich Stinson to second Terry Tuckfard scores Rich Stinson to third
|
Batting: RHB Jared Speck
|
0-0: Fly out, F7 (Flyball, 78M, EV 91.9 MPH)
|
Bottom of the 5th over - 4 runs, 4 hits, 0 errors, 2 left on base; Philadelphia 2 - Atlanta 7 |
TOP OF THE 6TH |
Philadelphia Phillies batting - Pitching for Atlanta Braves : LHP Matthew Spurrell
|
Batting: RHB Josh Hensley
|
0-0: Ball 1-0: Called Strike 1-1: Foul Ball, location: 2F 1-2: Strikes out swinging
|
Batting: LHB Osamu Kubo
|
0-0: Fly out, F3 (Line Drive, 34, EV 74.4 MPH)
|
Batting: LHB Ryan Trombley
|
0-0: Called Strike 0-1: Ball 1-1: Foul Ball, location: 2F 1-2: Ball 2-2: Foul Ball, location: 2F 2-2: Foul Ball, location: 2F 2-2: Foul Ball, location: 2F 2-2: SINGLE (Line Drive, 56D, EV 104.4 MPH)
|
Batting: LHB Danny Hill
|
0-0: Called Strike 0-1: Ball 1-1: Fielders Choice at 2nd, 6-4 (Groundball, 56, EV 100.0 MPH)
|
Top of the 6th over - 0 runs, 1 hit, 0 errors, 1 left on base; Philadelphia 2 - Atlanta 7 |
BOTTOM OF THE 6TH |
Atlanta Braves batting - Pitching for Philadelphia Phillies : RHP Ben Clayton
|
Batting: RHB Liangde Li
|
0-0: Called Strike 0-1: Ball 1-1: Called Strike 1-2: Foul Ball, location: 2F 1-2: Ball 2-2: Hit by Pitch
|
Batting: RHB Jeckel Hester
|
0-0: Fly out, F2 (Popup, 25F, EV 86.9 MPH)
|
Batting: RHB Xavier Davis
|
0-0: Ball 1-0: Ball 2-0: Ball 3-0: Called Strike 3-1: Swinging Strike 3-2: Strikes out looking Liangde Li steals 2nd base Batter strikes out.
|
Batting: SHB Terry Tuckfard
|
0-0: Foul Ball, location: 2F 0-1: 2-RUN HOME RUN (Flyball, 9LD, EV 93.8 MPH), Distance : 345 ft
|
Batting: RHB Ike Trout
|
0-0: Ball 1-0: Ball 2-0: Called Strike 2-1: Ball 3-1: Foul Ball, location: 2F 3-2: Base on Balls
|
Pitching: RHP Victor Hurtado
|
|
Batting: LHB Erik Gretzky
|
0-0: Ball 1-0: Foul Ball, location: 2F 1-1: Ball 2-1: SINGLE (Groundball, 34D, EV 103.1 MPH) Ike Trout to second Runner from 2nd tries for 3rd, SAFE, throw by RF made to third
|
Batting: RHB Rich Stinson
|
0-0: Ball 1-0: Ball 2-0: Ball 3-0: Base on Balls Erik Gretzky to second
|
Batting: RHB Luis Torres
|
0-0: Ball 1-0: Ball 2-0: Called Strike 2-1: Foul Ball, location: 2F 2-2: Foul Ball, location: 2F 2-2: SINGLE (Groundball, 4MD, EV 104.4 MPH) Ike Trout scores Erik Gretzky to third Rich Stinson to second Runner from 3rd tries for Home, SAFE, throw by CF to home
|
Batting: RHB Jared Speck
|
0-0: Swinging Strike 0-1: Ball 1-1: Fly out, F4 (Line Drive, 4, EV 66.9 MPH)
|
Bottom of the 6th over - 4 runs, 3 hits, 0 errors, 2 left on base; Philadelphia 2 - Atlanta 11 |
TOP OF THE 7TH |
Philadelphia Phillies batting - Pitching for Atlanta Braves : LHP Matthew Spurrell
|
Batting: SHB Jean-François Bernard
|
0-0: Called Strike 0-1: Swinging Strike 0-2: Foul Ball, location: 2F 0-2: Ball 1-2: Strikes out swinging
|
Pitching: RHP Tim Kull
|
|
Batting: RHB Tommie Eaton
|
0-0: SINGLE (Groundball, 6MD, EV 100.6 MPH)
|
Batting: LHB Nick Canizales
|
0-0: Ball 1-0: Ball 2-0: Ball 3-0: Base on Balls Tommie Eaton to second
|
Batting: RHB Chef Belew
|
0-0: Called Strike 0-1: Swinging Strike 0-2: Ball 1-2: Strikes out swinging
|
Pinch Hitting: LHB Jim Beaver
|
0-0: Ball 1-0: Ball 2-0: Called Strike 2-1: DOUBLE (Groundball, 3L, EV 110.0 MPH) Tommie Eaton scores Nick Canizales to third
|
Batting: RHB Josh Hensley
|
0-0: Swinging Strike 0-1: Ground out 5-3 (Groundball, 56, EV 104.4 MPH)
|
Top of the 7th over - 1 run, 2 hits, 0 errors, 2 left on base; Philadelphia 3 - Atlanta 11 |
BOTTOM OF THE 7TH |
Atlanta Braves batting - Pitching for Philadelphia Phillies : RHP Victor Hurtado
|
Now at 2B: Jean-François Bernard
|
|
Now at 3B: Jim Beaver
|
|
Batting: RHB Liangde Li
|
0-0: Called Strike 0-1: Swinging Strike 0-2: Strikes out swinging
|
Batting: RHB Jeckel Hester
|
0-0: Called Strike 0-1: Ball 1-1: Foul Ball, location: 2F 1-2: Fly out, F7 (Line Drive, 78M, EV 86.9 MPH)
|
Batting: RHB Xavier Davis
|
0-0: Ball 1-0: Called Strike 1-1: Fly out, F8 (Flyball, 8LXD, EV 93.1 MPH)
|
Bottom of the 7th over - 0 runs, 0 hits, 0 errors, 0 left on base; Philadelphia 3 - Atlanta 11 |
TOP OF THE 8TH |
Philadelphia Phillies batting - Pitching for Atlanta Braves : RHP Tim Kull
|
Batting: LHB Osamu Kubo
|
0-0: Foul Ball, location: 2F 0-1: Ball 1-1: Ball 2-1: Swinging Strike 2-2: Ball 3-2: Base on Balls
|
Batting: LHB Ryan Trombley
|
0-0: Swinging Strike 0-1: Ball 1-1: Called Strike 1-2: 2-RUN HOME RUN (Flyball, 9LD, EV 93.1 MPH), Distance : 353 ft
|
Pitching: RHP Kevin Cushman
|
|
Batting: LHB Danny Hill
|
0-0: Ball 1-0: Foul Ball, location: 2F 1-1: Called Strike 1-2: Strikes out swinging
|
Batting: SHB Jean-François Bernard
|
0-0: Swinging Strike 0-1: Called Strike 0-2: Strikes out looking
|
Batting: RHB Tommie Eaton
|
0-0: Foul Ball, location: 2F 0-1: Fly out, F7 (Line Drive, 7LM, EV 102.5 MPH)
|
Top of the 8th over - 2 runs, 1 hit, 0 errors, 0 left on base; Philadelphia 5 - Atlanta 11 |
BOTTOM OF THE 8TH |
Atlanta Braves batting - Pitching for Philadelphia Phillies : RHP Victor Hurtado
|
Batting: SHB Terry Tuckfard
|
0-0: Ball 1-0: Ball 2-0: Ball 3-0: Base on Balls
|
Batting: RHB Ike Trout
|
0-0: Called Strike 0-1: Ball 1-1: Ball 2-1: Fly out, F7 (Flyball, 7D, EV 92.5 MPH)
|
Pitching: RHP Lucas McPhillie
|
|
Batting: LHB Erik Gretzky
|
0-0: Ball Terry Tuckfard steals 2nd base 1-0: Ball 2-0: Ball 3-0: Base on Balls
|
Batting: RHB Rich Stinson
|
0-0: Ball 1-0: Ball 2-0: Called Strike 2-1: Called Strike 2-2: 3-RUN HOME RUN (Flyball, 7LD, EV 96.9 MPH), Distance : 361 ft
|
Batting: RHB Luis Torres
|
0-0: Ball 1-0: Ball 2-0: Fly out, F8 (Flyball, 8RD, EV 104.4 MPH)
|
Batting: RHB Jared Speck
|
0-0: Called Strike 0-1: Ball 1-1: Swinging Strike 1-2: Ground out 5-3 (Groundball, 56S, EV 71.9 MPH)
|
Bottom of the 8th over - 3 runs, 1 hit, 0 errors, 0 left on base; Philadelphia 5 - Atlanta 14 |
TOP OF THE 9TH |
Philadelphia Phillies batting - Pitching for Atlanta Braves : RHP Kevin Cushman
|
Batting: LHB Nick Canizales
|
0-0: Ball 1-0: Called Strike 1-1: Ground out 5-3 (Groundball, 56S, EV 84.4 MPH)
|
Batting: RHB Chef Belew
|
0-0: Ball 1-0: Called Strike 1-1: Swinging Strike 1-2: Ball 2-2: Ball 3-2: Base on Balls
|
Batting: LHB Jim Beaver
|
0-0: Called Strike 0-1: Foul Ball, location: 2F 0-2: Ball 1-2: Strikes out swinging
|
Batting: RHB Josh Hensley
|
0-0: Fly out, F8 (Flyball, 78M, EV 86.9 MPH)
|
Top of the 9th over - 0 runs, 0 hits, 0 errors, 1 left on base; Philadelphia 5 - Atlanta 14 |
|